AoeStats
← visikid

Nomad

510141969Analyzed
4v4 RM · 3d ago on Sep 29, 2026· 65m 49s· 8 players
Game mode
Random Map
Map size
231×231
Population
200
Speed
Normal
Resources
Standard
Victory
Conquest
Starting age
Dark Age
Ending age
Imperial Age
RankedLock teamsTeams togetherTeam positionsShared explorationLock speedFull tech treeHidden civsTurbo modeCheats
Victory
Defeat
🇪🇨 Japanese · Ecuador
1061
+13
🇹🇷 Chinese · Türkiye
1038
+14
🇺🇸 Italians · United States
1036
+14
🇺🇸 Huns · United States
971
+18
🇨🇳 Ethiopians · China
1021
-15
🇹🇼 Varangians · Taiwan
1010
-15
🇹🇷 Persians · Türkiye
995
-15
🇹🇼 Teutons · Taiwan
973
-14
JAF23
6:27 Loom
16:22 Feudal Age
18:57 Double-Bit Axe
19:09 Fishing Lines
26:16 Castle Age
26:06 Gold Mining
26:33 Elite Skirmisher
27:19 Thumb Ring
27:29 Fletching
27:39 Padded Archer Armor
29:14 Bodkin Arrow
30:37 Leather Archer Armor
31:42 Bow Saw
33:46 Gillnets
36:33 Imperial Age
38:02 Wheelbarrow
38:52 Two-Man Saw
39:51 Hand Cart
41:40 Ballistics
41:32 Elite Genoese Crossbowman
47:48 Bracer
48:18 Ring Archer Armor
63:07 Bloodlines
62:40 Cavalier
63:21 Husbandry
visikid
13:26 Feudal Age
15:12 Double-Bit Axe
16:28 Scale Barding Armor
18:54 Bloodlines
22:47 Forging
25:43 Castle Age
25:46 Wheelbarrow
25:18 Gold Mining
25:11 Horse Collar
27:42 Iron Casting
27:28 Chain Barding Armor
27:27 Bow Saw
27:20 Heavy Plow
28:12 Gold Shaft Mining
27:51 Light Cavalry
28:32 Husbandry
33:02 Thumb Ring
40:40 Stone Mining
47:55 Imperial Age
60:10 Cavalier
Lordcreos
16:12 Feudal Age
14:27 Loom
21:58 Castle Age
21:48 Fishing Lines
22:18 Stone Mining
22:41 Double-Bit Axe
23:43 Fletching
24:13 Gillnets
26:06 Scale Mail Armor
26:17 Forging
26:54 Arson
30:36 Wheelbarrow
30:51 Medium Warships
31:54 Hand Cart
32:47 Chain Mail Armor
44:07 Imperial Age
44:40 Iron Casting
44:01 Bodkin Arrow
46:15 Conscription
47:09 Heavy Warships
48:55 Clinker Construction
49:34 Capped Ram
51:59 Blast Furnace
51:29 Plate Mail Armor
51:04 Squires
51:58 Pikeman
52:50 Halberdier
53:40 Treadmill Crane
55:02 Carvel Hull
54:53 Careening
55:25 Bracer
55:25 Padded Archer Armor
57:18 Chemistry
56:39 Ballistics
57:43 Gambesons
57:19 Man-at-Arms
59:48 Long Swordsman
60:58 Elite Cannon Galleon
62:03 Dry Dock
61:39 Murder Holes
62:52 Two-Handed Swordsman
64:29 Siege Engineers
65:12 Champion
Crimson_Tide
3:49 Loom
15:00 Feudal Age
16:21 Wheelbarrow
15:30 Fishing Lines
20:44 Castle Age
18:57 Gold Mining
20:21 Fletching
21:59 Hand Cart
22:09 Medium Warships
29:41 Gillnets
32:51 Gold Shaft Mining
36:24 Imperial Age
33:44 Town Watch
34:26 Padded Archer Armor
35:15 Bodkin Arrow
35:56 Ballistics
37:38 Elite Chu Ko Nu
38:22 Bracer
39:26 Chemistry
39:30 Squires
38:52 Pikeman
39:18 Arson
40:39 Conscription
41:29 Town Patrol
41:50 Leather Archer Armor
41:36 Scale Mail Armor
41:46 Forging
41:17 Elite Skirmisher
42:03 Thumb Ring
42:47 Halberdier
44:00 Horse Collar
44:42 Heavy Plow
45:51 Rocketry
47:43 Ring Archer Armor
47:29 Chain Mail Armor
47:49 Iron Casting
47:14 Murder Holes
47:30 Masonry
66:04 Double-Bit Axe
YJHAN
3:57 Loom
16:25 Feudal Age
17:54 Arson
17:30 Man-at-Arms
18:15 Double-Bit Axe
19:30 Forging
19:21 Scale Mail Armor
19:12 Fletching
19:11 Town Watch
20:40 Bloodlines
21:17 Fishing Lines
25:48 Castle Age
27:17 Pikeman
27:44 Gambesons
32:29 Bodkin Arrow
33:25 Squires
38:10 Heated Shot
38:40 Ballistics
43:42 Wheelbarrow
45:42 Elite Skirmisher
51:16 Imperial Age
51:24 Cavalier
54:34 Paladin
56:09 Scale Barding Armor
57:14 Iron Casting
58:13 Chain Barding Armor
60:53 Blast Furnace
63:53 Plate Barding Armor
63:29 Gillnets
65:56 Chemistry
65:03 Siege Engineers
台南人
5:28 Loom
14:58 Feudal Age
17:20 Wheelbarrow
20:47 Castle Age
18:39 Double-Bit Axe
18:47 Stone Mining
18:41 Horse Collar
18:56 Gold Mining
22:03 Bow Saw
21:57 Heavy Plow
24:49 Town Watch
27:43 Hand Cart
29:50 Forging
29:47 Scale Barding Armor
30:35 Bloodlines
30:34 Husbandry
32:14 Iron Casting
33:09 Stone Shaft Mining
32:02 Light Cavalry
33:15 Padded Archer Armor
33:06 Fletching
34:23 Bodkin Arrow
38:03 Imperial Age
37:28 Chain Barding Armor
38:53 Leather Archer Armor
38:12 Cavalier
40:05 Blast Furnace
39:27 Conscription
40:35 Plate Barding Armor
40:01 Elite Jarl
40:12 Elite Jarl
42:38 Vendel Legacy
47:38 Hussar
59:24 Bracer
squeezecheese21
16:30 Feudal Age
16:52 Town Watch
16:55 Double-Bit Axe
16:52 Horse Collar
16:57 Fishing Lines
17:57 Loom
19:19 Wheelbarrow
26:57 Castle Age
30:14 Heavy Plow
32:03 Bow Saw
38:41 Gillnets
39:31 Gold Mining
45:38 Bloodlines
45:29 Husbandry
46:20 Forging
47:16 Hand Cart
51:38 Imperial Age
49:49 Scale Barding Armor
50:21 Iron Casting
50:22 Ballistics
50:17 Careening
51:25 Cavalier
53:10 Blast Furnace
52:32 Chain Barding Armor
52:07 Fletching
53:42 Gold Shaft Mining
53:57 Plate Barding Armor
53:50 Fletching
57:01 Crop Rotation
56:08 Savar
57:19 Stone Mining
65:26 Two-Man Saw
64:59 Bodkin Arrow
w
14:58 Feudal Age
14:27 Loom
15:38 Double-Bit Axe
21:02 Castle Age
19:25 Gold Mining
24:27 Bow Saw
23:59 Crossbowman
29:18 Horse Collar
32:38 Fletching
32:53 Scale Barding Armor
33:27 Ballistics
34:00 Stone Mining
35:08 Bodkin Arrow
41:43 Imperial Age
39:50 Wheelbarrow
41:34 Chain Barding Armor
43:32 Bracer
48:23 Two-Man Saw
46:48 Elite Skirmisher
47:50 Padded Archer Armor
48:36 Thumb Ring
51:29 Hand Cart
52:31 Leather Archer Armor
56:04 Conscription
57:14 Gold Shaft Mining
59:29 Onager
Connection lost

Rejoining the realm…

Still unreachable

The connection could not be restored.

Session expired

The server has moved on; the page needs a fresh start.